 Dungeon Crawl Stone Soup version 0.25.1-2-g60ff931 (webtiles) character file.

Game seed: 7016813525534830542

48 DasBelly the Chopper (level 3, -1/33 HPs)
             Began as a Hill Orc Monk on Aug 10, 2020.
             Was a Believer of Qazlal.
             Slain by a sky beast (5 damage)
             ... on level 5 of the Dungeon.
             The game lasted 00:03:03 (1368 turns).

DasBelly the Chopper (Hill Orc Monk)                Turns: 1368, Time: 00:03:04

Health: -1/33      AC:  4    Str: 14    XL:     3   Next: 72%
Magic:  3/3        EV: 12    Int: 10    God:    Qazlal [**....]
Gold:   6          SH:  2    Dex: 13    Spells: 2/2 levels left

rFire    + . .     SeeInvis .   a - +0 hand axe
rCold    . . .     Gourm    .   (no shield)
rNeg     . . .     Faith    .   j - +0 leather armour {rF+}
rPois    .         Spirit   .   (no helmet)
rElec    .         Reflect  .   (no cloak)
rCorr    .         Harm     .   (no gloves)
MR       .....                  f - +0 pair of boots
Stlth    +.........             (no amulet)
HPRegen  0.11/turn              (no ring)
MPRegen  0.08/turn              (no ring)

@: hasted, very quick
A: no striking features
a: Upheaval, Renounce Religion


You were on level 5 of the Dungeon.
You worshipped Qazlal.
Qazlal was pleased with you.
You were hungry.

You visited 2 branches of the dungeon, and saw 5 of its levels.

You collected 6 gold pieces.

Inventory:

Hand Weapons
 a - a +0 hand axe (weapon)
Armour
 b - a +0 robe
 f - a +0 pair of boots (worn)
 j - a +0 leather armour of fire resistance (worn)
Jewellery
 h - a cursed amulet of inaccuracy {unknown}
Scrolls
 e - a scroll of blinking {unknown}
 i - a scroll of identify {unknown}
 l - a scroll of immolation {unknown}
 m - a scroll of magic mapping {unknown}
Potions
 k - a potion of curing {unknown}
Comestibles
 c - 4 rations


   Skills:
 - Level 4.0 Fighting
 + Level 5.6 Axes
 - Level 2.5 Dodging
 - Level 1.5 Stealth
 * Level 0.0 Invocations


You had 2 spell levels left.
You didn't know any spells.
Your spell library was empty.

Dungeon Overview and Level Annotations

Branches:
Dungeon (4/15)             Temple (1/1) D:4

Altars:
Cheibriados
Fedhas
Gozag
Nemelex Xobeh
Qazlal
Trog
Vehumet
Wu Jian
Xom
Yredelemnul
Zin
The Shining One


Message History

The sky beast is heavily wounded.
The sky beast misses you.
You hit the sky beast.
The sky beast is severely wounded.
You slash the sky beast!
The sky beast is almost dead.
The sky beast hits you but does no damage.
You hit the sky beast but do no damage.
The sky beast is almost dead.
The sky beast misses you.
You closely miss the sky beast.
The sky beast is almost dead.
You hit the sky beast.
The sky beast is almost dead.
The sky beast flickers out of sight!
Deactivating autopickup; reactivate with Ctrl-A.
Something hits you.
* * * LOW HITPOINT WARNING * * *
Something shocks you.
You die...

#.... #.# #....
#.# #....##.##
#........#
#........#
#........#
#.......##
########..#
#.{@......#
#.#####...#
#.....#...#
#.....(....#
#.#........#
#.............#
#.##.##.......#
# #..........#
####.......#


There were no monsters in sight!

Vanquished Creatures
  An adder (D:2)
  A worm (D:2)
  A dart slug (D:1)
  A leopard gecko (D:1)
  5 bats (D:1)
  4 goblins
  3 hobgoblins (D:1)
  7 jackals (D:1)
  4 frilled lizards (D:1)
  A kobold (D:1)
  3 rats (D:1)
31 creatures vanquished.

Notes
Turn   | Place    | Note
-------+----------+-------------------------------------------
     0 | D:1      | DasBelly the Hill Orc Monk began the quest for the Orb.
     0 | D:1      | Reached XP level 1. HP: 19/19 MP: 1/1
   166 | D:1      | Reached XP level 2. HP: 24/27 MP: 2/2
   550 | D:1      | Reached XP level 3. HP: 23/33 MP: 3/3
   655 | D:1      | Reached skill level 5 in Axes
  1114 | D:2      | You fall into a shaft and drop 2 floors!
  1114 | D:4      | Found a staircase to the Ecumenical Temple.
  1122 | Temple   | Entered the Ecumenical Temple
  1283 | Temple   | Became a worshipper of Qazlal Stormbringer
  1283 | Temple   | Reached * piety under Qazlal
  1283 | Temple   | Reached ** piety under Qazlal
  1324 | D:4      | You fall into a shaft and drop 1 floor!
  1324 | D:5      | Entered Level 5 of the Dungeon
  1339 | D:5      | Noticed a sky beast
  1368 | D:5      | Slain by a sky beast

Illustrated notes

Levels and vault maps discovered:
D:1:      matt_arrival_los_fun, layout_rooms, minivault_19
D:2:      layout_loops_ring, first_ration, uniq_sigmund,
          uniq_crazy_yiuf_cottage, uniq_terence
D:4:      layout_cave_pods, okawaru_trees_1, minmay_temple_entry_purple_smoke,
          grunt_dithmenos_smoke_and_mirrors, uniq_ijyb
D:5:      layout_basic, lemuel_round_altar, lemuel_round_altar,
          minmay_misc_feat_more_columns
Temple:   chequers_temple_sunken

Skill      XL: |  1  2  3 |
---------------+----------+-----
Fighting       | 4 |  4.0
Axes           | 5 |  5.6
Dodging        | |  2.5
Stealth        | |  1.5

Action                   || total
-------------------------++-------
Melee: Hand axe          ||   140
  Use: Potion            ||     1
 Stab: Sleeping          ||     4
  Eat: Chunk             ||     1
Armor: Robe              ||    39
       Leather armour    ||     6
Dodge: Dodged            ||   102
Block: Other             ||     1
